 Dungeon Crawl Stone Soup version 0.22.1-2-g9c5b331383 (webtiles) character file.

161 McIrco the Sneak (level 5, -2/38 HPs)
             Began as a Vampire Assassin on Jan 6, 2019.
             Slain by a river rat (6 damage)
             ... on level 3 of the Dungeon.
             The game lasted 00:04:36 (3833 turns).

McIrco the Sneak (Vampire Assassin)                 Turns: 3833, Time: 00:04:37

Health: -2/38      AC:  7    Str: 10    XL:     5   Next: 18%
Magic:  5/5        EV: 15    Int: 13    God:
Gold:   88         SH:  0    Dex: 17    Spells: 4/4 levels left

rFire    + . .     SeeInvis +   a - +2 dagger
rCold    + . .     Gourm    .   (no shield)
rNeg     + + +     Faith    .   c - +0 robe
rPois    ∞         Spirit   .   (no helmet)
rElec    .         Reflect  .   d - +0 cloak
rCorr    .         Harm     .   k - +0 pair of gloves (curse)
MR       .....                  q - +2 pair of boots
Stlth    +++.......             (no amulet)
HPRegen  0.00/turn              r - ring of fire
MPRegen  0.09/turn              (no ring)

@: bloodless, non-regenerating, very slow
A: fangs 3, see invisible, unbreathing
a: Bat Form


You were on level 3 of the Dungeon.
You were bloodless.

You visited 1 branch of the dungeon, and saw 3 of its levels.

You collected 88 gold pieces.

Inventory:

Hand Weapons
 a - a +2 dagger (weapon)
 b - a +1 blowgun
Missiles
 e - 21 poisoned needles
 f - 2 curare-tipped needles
 l - 5 needles of paralysis
Armour
 c - a +0 robe (worn)
 d - a +0 cloak (worn)
 k - a cursed +0 pair of gloves (worn)
 q - a +2 pair of boots (worn)
Jewellery
 r - a ring of fire (left hand)
Scrolls
 h - 4 scrolls of teleportation
 m - a scroll of enchant weapon
 p - a scroll of amnesia
 s - a scroll of remove curse {unknown}
Potions
 g - 10 potions of blood
 i - a potion of mutation {unknown}
 j - 2 potions of heal wounds
 n - a potion of resistance {unknown}
 o - a potion of curing {unknown}


   Skills:
 - Level 2.0 Fighting
 - Level 3.0 Short Blades
 - Level 2.0 Throwing
 + Level 4.7 Dodging
 - Level 6.0 Stealth


You had 4 spell levels left.
You didn't know any spells.
Your spell library was empty.

Dungeon Overview and Level Annotations

Branches:
Dungeon (3/15)

Altars:
Hepliaklqana
Vehumet

Portals:
Sewer: D:3


Innate Abilities, Weirdness & Mutations

You do not heal naturally.
You are immune to poison.
You have razor-sharp teeth.
You have supernaturally acute eyesight. (SInv)
You can survive without breathing.


Message History

The river rat bites you.
You closely miss the river rat.
You bite the river rat, but do no damage.
The river rat is moderately wounded.
The river rat bites you but does no damage.
You hit the river rat.
The river rat is heavily wounded.
The river rat bites you.
* * * LOW HITPOINT WARNING * * *
You hit the river rat but do no damage.
The river rat is heavily wounded.
You hear the quick rusting of a drain.
The river rat bites you!
* * * LOW HITPOINT WARNING * * *
You hit the river rat but do no damage.
The river rat is heavily wounded.
You barely miss the river rat.
The river rat is heavily wounded.
The river rat bites you.
You die...

.................................
##.#.#...#....##.##.#...#####..#.
#.#†#...#..........#...# #..#.
#.#.###.......###....#.# #....
#.###_###..>.##≈######≈## #####'
#.##..###....#≈≈≈≈≈≈#≈≈≈# #.....
##.#).#..#....#≈≈≈#≈≈#≈≈≈# #.....
...#.#...#....##r##≈≈##≈## #.....
####...#.#.....#@#≈w≈≈#≈# #####.
...##.#.###...##≈#≈s≈≈#≈# #.
##.#.#...##...##≈##≈≈##≈## #.
#.#...#.##...#≈≈≈####≈≈≈# #.
##.#..#..#....#≈≈≈≈≈≈≈≈≈≈#######.
...###..##....##≈######≈##.......
##.# #)##..####### ####.#####.
#.# #.##..# ........ #.# #.##..#
#.######


You could see a river rat.

Vanquished Creatures
  Jessica (D:2)
  Natasha (twice) (D:2)
  4 adders
  A dart slug (D:1)
  4 leopard geckos
  2 orcs (D:3)
  4 giant cockroaches
  3 hobgoblins
  3 jackals (D:1)
  A quokka (D:2)
  5 bats
  2 frilled lizards (D:1)
  4 goblins
  4 kobolds
  3 rats (D:1)
43 creatures vanquished.

Notes
Turn   | Place    | Note
-------+----------+-------------------------------------------
     0 | D:1      | McIrco the Vampire Assassin began the quest for the Orb.
     0 | D:1      | Reached XP level 1. HP: 16/16 MP: 1/1
  1939 | D:1      | Reached skill level 6 in Stealth
  2254 | D:1      | Reached XP level 2. HP: 22/22 MP: 2/2
  2807 | D:2      | Noticed Jessica
  2815 | D:2      | Killed Jessica
  2815 | D:2      | Reached XP level 3. HP: 24/27 MP: 3/3
  2827 | D:2      | Noticed Natasha
  2834 | D:2      | Killed Natasha
  2834 | D:2      | Reached XP level 4. HP: 33/33 MP: 4/4
  2979 | D:2      | Found a radiant altar of Vehumet.
  3239 | D:2      | Noticed Natasha
  3243 | D:2      | Killed Natasha
  3539 | D:3      | Found a hazy altar of Hepliaklqana.
  3604 | D:3      | Reached XP level 5. HP: 35/38 MP: 5/5
  3795 | D:3      | Found a glowing drain.
  3833 | D:3      | Slain by a river rat

Skill      XL: |  1  2  3  4 |
---------------+-------------+-----
Stealth        | 6 |  6.0
Fighting       | 2 |  2.0
Throwing       | 2 |  2.0
Short Blades   | 3 |  3.0
Dodging        | 2 3 4 |  4.7

Action                   |  1- 3 |  4- 6 || total
-------------------------+-------+-------++-------
Melee: Dagger            |    37 |   113 ||   150
       Bite              |       |    10 ||    10
  Use: Scroll            |       |     6 ||     6
 Stab: Sleeping          |    10 |     9 ||    19
       Distracted        |       |     1 ||     1
Armor: Robe              |     8 |    20 ||    28
Dodge: Dodged            |    17 |    80 ||    97
